 Dungeon Crawl Stone Soup version 0.29.0-4-gdea44cf6ec (webtiles) character file.

Game seed: 6105014805233353168

128 qw the Ruffian (level 4, -17/44 HPs)
             Began as a Troll Cinder Acolyte on Sept 2, 2022.
             Was a High Priest of Ignis.
             Demolished by an ogre
             ... wielding a +0 giant club
              (30 damage)
             ... on level 5 of the Dungeon.
             The game lasted 00:00:42 (1475 turns).

qw the Ruffian (Troll Cinder Acolyte)               Turns: 1475, Time: 00:00:43

Health: -17/44     AC: 11    Str: 24    XL:     4   Next: 87%
Magic:  4/4        EV:  9    Int: 10    God:    Ignis [*****.]
Gold:   121        SH:  5    Dex:  7    Spells: 5/5 levels left

rFire   + . .      SeeInvis .     - Unarmed
rCold   . . .      Faith    .   (no shield)
rNeg    . . .      Spirit   .   a - +0 robe
rPois   .          Reflect  +   (helmet restricted)
rElec   .          Harm     .   (no cloak)
rCorr   .          Rampage  .   (gloves unavailable)
Will    .....                   (boots unavailable)
Stlth   ++........              j - amulet of reflection
HPRegen 0.94/turn               (no ring)
MPRegen 0.09/turn               (no ring)

@: fiery-armoured
A: large, unfitting armour, claws 3, regeneration 1, shaggy fur 1, tough skin 1,
thin skeletal structure 1, wild magic 1
a: Renounce Religion, Fiery Armour, Foxfire Swarm, Rising Flame


You were on level 5 of the Dungeon.
You worshipped Ignis.
Ignis was extremely pleased with you.
You visited 1 branch of the dungeon, and saw 5 of its levels.

You collected 121 gold pieces.


Innate Abilities, Weirdness & Mutations

You are too large for most types of armour.
You have claws for hands.
Your natural rate of healing is unusually fast.
You are covered in fur. (AC +1)
You have tough skin. (AC +1)
You have a somewhat thin skeletal structure. (Dex +2, Stealth+)
Your spells are a little harder to cast, but a little more powerful.


   Skills:
 - Level 2.4 Fighting
 + Level 5.6 Unarmed Combat
 - Level 1.0 Spellcasting
 - Level 2.1 Fire Magic


You had 5 spell levels left.
You didn't know any spells.
Your spell library contained the following spells:

 Spells                   Type           Power      Damage    Failure   Level
 Scorch                   Fire           12%        2d5       30%         2

Inventory:

Armour
 a - a +0 robe (worn)
Jewellery
 j - an amulet of reflection (around neck)
Potions
 c - 2 potions of mutation
 d - a potion of curing
 e - a potion of invisibility {unknown}
 f - a potion of lignification {unknown}
 i - a potion of ambrosia {unknown}
 k - a potion of flight {unknown}

Dungeon Overview and Level Annotations

Branches:
Dungeon (6/15)
 Temple: D:4-7

Altars:


Message History

There is a stone staircase leading up here.
You climb upwards.
The ogre shouts!
Found a shiny steel ring and a mace.
Found an escape hatch in the floor.
There is a stone staircase leading down here.
An ogre is nearby!
Existing waypoints: (1) D:2 (2) D:6 Assign waypoint to what number? (0-9, D - delete waypoint) Waypoint 1 re-assigned from D:2 to D:5.
Enter note: A phantom comes into view.
You scratch the ogre.
The ogre is lightly wounded.
You scratch the ogre.
The ogre is lightly wounded.
The ogre closely misses you.
You claw the ogre!
The ogre is moderately wounded.
The ogre completely misses you.
You barely miss the ogre.
The ogre is moderately wounded.
You scratch the ogre.
The ogre is heavily wounded.
You block the ogre's attack.
You scratch the ogre but do no damage.
The ogre is heavily wounded.
You scratch the ogre.
The ogre is severely wounded.
The ogre hits you with a +0 giant club!!
You scratch the ogre.
The ogre is severely wounded.
The ogre hits you with a +0 giant club!
1474 ||| INVOKING Fiery Armour.
A protective cloak of flame settles atop you.
You scratch the ogre.
The ogre is almost dead.
The ogre hits you with a +0 giant club!!
Ouch! That really hurt!
You die...

>...... ...##
.......## .....
........##.....
#..............
#.............
##.............
#.....O..=.....
#......@.......
##.........#...
.........##)...
....###.## .#.
... #.. .. ...
. ... ....


You could see an ogre.

Vanquished Creatures
  Natasha (thrice) (D:2)
  3 adders (D:2)
  A worm (D:2)
  A dart slug (D:1)
  A giant cockroach (D:1)
  2 goblins (D:1)
  A hobgoblin (D:1)
  5 quokkas (D:1)
  A ball python (D:1)
  A bat (D:1)
  2 frilled lizards (D:1)
  3 kobolds
  3 rats (D:2)
27 creatures vanquished.

Notes
Turn   | Place    | Note
-------+----------+-------------------------------------------
     0 | D:1      | qw the Troll Cinder Acolyte began the quest for the Orb.
     0 | D:1      | Reached XP level 1. HP: 22/22 MP: 1/1
     0 | D:1      | 0 ||| qw: Version: 0.1-a-97-g2dd2ca4
     0 | D:1      | 0 ||| qw: Game counter: 4982
     0 | D:1      | 0 ||| qw: Always use a shield: true
     0 | D:1      | 0 ||| qw: God list: Okawaru
     0 | D:1      | 0 ||| qw: Allow faded altars: false
     0 | D:1      | 0 ||| qw: Do Orc after D:15 true
     0 | D:1      | 0 ||| qw: Do second Lair branch before Depths: true
     0 | D:1      | 0 ||| qw: Lair rune preference: random
     0 | D:1      | 0 ||| qw: Plans: Normal
     0 | D:1      | 0 ||| PLANNING D:1-11
   217 | D:1      | 217 ||| Stepping ~*~*~tactically~*~*~ (stealth).
   237 | D:1      | Reached XP level 2. HP: 28/29 MP: 2/2
   680 | D:1      | 680 ||| READING scroll labelled MIFACO FADEEG.
   681 | D:1      | 681 ||| READING scroll labelled RITUWA MELAA.
   682 | D:1      | 682 ||| READING scroll labelled TITIFO SAOSHOI.
   686 | D:1      | 686 ||| DRINKING 2 smoky orange potions.
   705 | D:2      | Identified the +1 leather armour "Sisatt" {Dex+3}
   723 | D:2      | Reached skill level 4 in Unarmed Combat
   762 | D:2      | Reached XP level 3. HP: 32/36 MP: 3/3
   796 | D:2      | 796 ||| Stepping ~*~*~tactically~*~*~ (outnumbered).
   811 | D:2      | Noticed Natasha
   819 | D:2      | Killed Natasha
   820 | D:2      | Reached XP level 4. HP: 32/44 MP: 4/4
   875 | D:2      | Noticed Natasha
   876 | D:2      | 876 ||| Stepping ~*~*~tactically~*~*~ (stealth).
   877 | D:2      | 877 ||| Stepping ~*~*~tactically~*~*~ (stealth).
   886 | D:2      | Killed Natasha
   887 | D:2      | Reached skill level 5 in Unarmed Combat
   892 | D:2      | 892 ||| INVOKING Fiery Armour.
   904 | D:2      | 904 ||| Stepping ~*~*~tactically~*~*~ (stealth).
   905 | D:2      | 905 ||| Stepping ~*~*~tactically~*~*~ (stealth).
   909 | D:2      | 909 ||| Stepping ~*~*~tactically~*~*~ (stealth).
   929 | D:2      | Found a faded altar of an unknown god.
   991 | D:2      | Noticed Natasha
   992 | D:2      | 992 ||| Stepping ~*~*~tactically~*~*~ (hiding).
   998 | D:2      | Killed Natasha
  1401 | D:2      | 1401 ||| UPGRADING to amulet of reflection.
  1406 | D:2      | 1406 ||| READING scroll labelled ORIOLO TOHOME.
  1407 | D:2      | 1407 ||| READING scroll labelled UGODEU VIFEKH.
  1408 | D:2      | 1408 ||| READING scroll labelled GIZXOT WASAUDD.
  1409 | D:2      | 1409 ||| DRINKING 3 purple potions.
  1409 | D:2      | Gained mutation: Your spells are a little harder to cast,
                  | but a little more powerful. [potion of mutation]
  1409 | D:2      | Gained mutation: You have a somewhat thin skeletal
                  | structure. (Dex +2, Stealth+) [potion of mutation]
  1414 | D:3      | You fall into a shaft and drop 3 floors!
  1459 | D:5      | Entered Level 5 of the Dungeon
  1459 | D:5      | Noticed an ogre
  1460 | D:5      | Noticed a phantom
  1474 | D:5      | 1474 ||| INVOKING Fiery Armour.
  1475 | D:5      | Demolished by an ogre

Levels and vault maps discovered:
D:1:      heliophobic_arrival_ceremonial_halls, layout_basic
D:2:      layout_loops_cross, shapermc_ecumenical_altar_starsandcircs,
          uniq_natasha
D:3:      layout_loops_ring, mainiacjoe_overflow_paths, lemuel_doored_altar,
          uniq_jessica, uniq_crazy_yiuf_cottage, uniq_terence
D:5:      layout_cave_pools, riverfiend_overflow_shadow_ancestor,
          nemelex_dance_club_becter, mainiacjoe_overflow_catwalk,
          minmay_temple_entry_mist, minmay_mini_ossuary, uniq_sigmund,
          uniq_blork_the_orc, uniq_ijyb
D:6:      layout_basic, uniq_prince_ribbit1

Skill      XL: |  1  2  3  4 |
---------------+-------------+-----
Unarmed Combat | 4 5 |  5.6
Fighting       | |  2.4
Spellcasting   | |  1.0
Fire Magic     | |  2.1

Action                   |  1- 3 |  4- 6 || total
-------------------------+-------+-------++-------
Melee: Unarmed           |    50 |    28 ||    78
Invok: Fiery Armour      |       |     2 ||     2
  Use: Scroll            |     3 |     3 ||     6
       Potion            |     1 |     1 ||     2
Armor: Robe              |     8 |    12 ||    20
Dodge: Dodged            |    14 |    10 ||    24
Block: Other             |       |     1 ||     1

Table legend:
 A = Non-vault XP
 B = Vault XP
 C = Vault XP percentage of total XP
 D = Non-vault monster count
 E = Vault monster count
 F = Vault count percentage of total count
                 A         B        C        D         E       F
            +---------+---------+-------+---------+---------+-------
      Total |     148 |      36 |  19.6 |      26 |       1 |   3.7
            +---------+---------+-------+---------+---------+-------
        D:1 |      28 |       0 |   0.0 |      16 |       0 |   0.0
        D:2 |     120 |      36 |  23.1 |      10 |       1 |   9.1
            +---------+---------+-------+---------+---------+-------
